 Dungeon Sprint DCSS version 0.30-a0-881-g1ff12e1e11 (webtiles) character file.

Game seed: 12727011630319708354

627 ytrimaz the Blocker (level 7, 0/64 HPs)
             Began as a Formicid Fighter on Mar 14, 2023.
             Was a Believer of Okawaru.
             Killed from afar by an air elemental (6 damage)
             ... with a stunning burst
             ... in the Dungeon (Sprint V: "Ziggurat Sprint").
             The game lasted 00:02:41 (245 turns).

ytrimaz the Blocker (Formicid Fighter)               Turns: 245, Time: 00:02:42

Health: 0/64       AC: 29    Str: 33    XL:     7   Next: 76%
Magic:  0/12       EV:  2    Int:  7    God:    Okawaru [**....]
Gold:   0          SH: 30    Dex: 15    Spells: 6/6 levels left

rFire   + + .      SeeInvis +    l - +7 great mace "Firestarter" {flame, inner flame, rFlCloud rF++}
rCold   . . .      Faith    .    k - +18 shield of the Gong {Loud rN+ Will+ rCorr EV-5}
rNeg    + . .      Spirit   +    j - +15 Maxwell's patent armour {-Cast -Tele rElec Will+ rCorr}
rPois   .          Reflect  .    (helmet unavailable)
rElec   +          Rampage  .    (no cloak)
rCorr   +          NoCast   +    (no gloves)
Will    ++...                    (no boots) Stlth
                                 B - amulet of guardian spirit
HPRegen 0.30/turn                s - +6 ring of strength
MPRegen 0.13/turn                t - +6 ring of strength

@: no status effects
A: permanent stasis, dig shafts and tunnels, antennae 3, four strong arms
a: Dig, Renounce Religion, Heroism


You were in the Dungeon.
You worshipped Okawaru.
Okawaru was pleased with you.
You visited 1 branch


Innate Abilities, Weirdness & Mutations

You cannot be hasted, slowed, berserked, paralysed or teleported.
You can dig through walls and to a lower floor.
You have a pair of large antennae on your head. (SInv)
Your four strong arms can wield two-handed weapons with a shield.


   Skills:
 + Level 9.0 Fighting
 + Level 7.7 Maces & Flails
 - Level 8.8 Armour
 + Level 10.5 Shields
 - Level 7.0 Invocations


You had 6 spell levels left.
You didn't know any spells.
Your spell library contained the following spells:

 Spells                   Type           Power      Damage    Failure   Level
 Passwall                 Tmut/Erth      0%         N/A       100%        2
 Wereblood                Tmut           0%         N/A       100%        2
 Dazzling Flash           Conj/Hex       0%         N/A       100%        3
 Arcjolt                  Conj/Air       0%         1d10      100%        5

Inventory:

Hand Weapons
 a - a +0 flail
 i - the +10 dark maul {heavy}
   (You found it in the Dungeon)
 l - the +7 great mace "Firestarter" (weapon) {flame, inner flame, rFlCloud rF++}
   (You found it in the Dungeon)

   rFlCloud:  It grants immunity to clouds of flame.
   rF:        It greatly protects you from fire.
 m - the +6 shillelagh "Devastator" {shatter}
   (You found it in the Dungeon)
Armour
 b - a +0 scale mail
 c - a +0 buckler
 j - the +15 Maxwell's patent armour (worn) {-Cast -Tele rElec Will+ rCorr}
   (You found it in the Dungeon)

   rElec:     It insulates you from electricity.
   -Cast:     It prevents spellcasting.
   -Tele:     It prevents most forms of teleportation.
   rCorr:     It protects you from acid and corrosion.
   Will:      It increases your willpower.
 k - the +18 shield of the Gong (worn) {Loud rN+ Will+ rCorr EV-5}
   (You found it in the Dungeon)

   Loud:      It is deafeningly noisy when blocking attacks.
   EV:        It affects your evasion (-5).
   rN:        It protects you from negative energy.
   rCorr:     It protects you from acid and corrosion.
   Will:      It increases your willpower.
Jewellery
 n - a ring of flight
   (You found it in the Dungeon)
 o - a +6 ring of dexterity
   (You found it in the Dungeon)
 p - a +6 ring of dexterity
   (You found it in the Dungeon)
 q - a +6 ring of intelligence
   (You found it in the Dungeon)
 r - a +6 ring of intelligence
   (You found it in the Dungeon)
 s - a +6 ring of strength (left hand)
   (You found it in the Dungeon)
 t - a +6 ring of strength (right hand)
   (You found it in the Dungeon)
 B - an amulet of guardian spirit (around neck)
   (You found it in the Dungeon)
 F - an amulet of the acrobat
   (You found it in the Dungeon)
Wands
 u - a wand of mindburst (7)
   (You found it in the Dungeon)
 v - a wand of iceblast (7)
   (You found it in the Dungeon)
 w - a wand of acid (7)
   (You found it in the Dungeon)
Scrolls
 h - 4 scrolls of blinking
 y - 4 scrolls of amnesia
 C - 7 scrolls of fog
 D - 5 scrolls of identify
 E - 2 scrolls of fear
Potions
 d - 5 potions of might
 e - 10 potions of curing
 f - 10 potions of heal wounds
 g - 7 potions of magic
 x - 2 potions of brilliance
 z - 2 potions of invisibility
 A - 4 potions of resistance

Dungeon Overview and Level Annotations

Branches:
Dungeon (1/1) Zot: 27000

Altars:
Ashenzari
Cheibriados
Dithmenos
Elyvilon
Fedhas
Gozag
Hepliaklqana
Kikubaaqudgha
Makhleb
Nemelex Xobeh
Okawaru
Qazlal
Ru
Sif Muna
Trog
Uskayaw
Vehumet
Wu Jian
Xom
Yredelemnul
Zin
The Shining One
Jiyva
Lugonu

Annotations:
D 1 transporter

▓.....▓.....▓..©..▓
▓..©..▓..©..▓▓▓▓▓▓▓
▓▓▓▓▓▓▓▓▓▓▓▓▓▓
▓..8©8...▓
▓..:=)...▓ {{{
▓...)....▓ { {
▓...E....▓
▓..EEE...▓
▓.▓.@..▓.▓
▓...©....▓
▓▓▓▓▓▓▓▓▓▓


{{{{ {{{ You could see 4 air elementals.


Message History

GONNNNG! 😕 HP[-11] MP[-2]
You take 11 damage, and now have 49/64 hp.
You lost 2 mp, and now have 10/12 mp.
Unknown command.
You hit the air elemental. You burn the air elemental.
The air elemental is filled with an inner flame.
You block the air elemental's attack.
GONNNNG!
The air elemental fires a burst of electricity at you.
The stunning burst hits the air elemental.
The air elemental completely resists.
The stunning burst hits you. You resist.
Your stasis prevents you from being paralysed.
You block the air elemental's attack.
BONNNG!
You block the air elemental's attack.
GONNNNG!
The air elemental hits you but does no damage.
The air elemental fires a burst of electricity at you.
The stunning burst hits the air elemental.
The air elemental completely resists.
The stunning burst hits you! You resist.
Your stasis prevents you from being paralysed.
The air elemental fires a burst of electricity at you.
The stunning burst hits you but does no damage.
Your stasis prevents you from being paralysed.
The air elemental hits you but does no damage.
The air elemental hits you.
The air elemental hits you but does no damage.
You block the air elemental's attack.
BONNNG!
You closely miss the air elemental. You block the air elemental's attack.
SHROANNG!
The air elemental fires a burst of electricity at you.
The stunning burst hits you but does no damage.
Your stasis prevents you from being paralysed.
The air elemental fires a burst of electricity at you.
The stunning burst hits you. You resist.
* * * LOW HITPOINT WARNING * * *
You block the air elemental's attack.
BOUMMMMG!
The air elemental hits you!
* * * LOW HITPOINT WARNING * * *
You block the air elemental's attack.
GONNNNG!
The air elemental hits you but does no damage. x2
The air elemental fires a burst of electricity at you.
The stunning burst hits you but does no damage.
The air elemental hits you but does no damage. x3
You are too injured to fight recklessly!
You closely miss the air elemental.
The air elemental hits you but does no damage.
You block the air elemental's attack.
SHROANNG!
The air elemental hits you.
* * * LOW HITPOINT WARNING * * *
You block the air elemental's attack.
PANG!
You block the air elemental's attack.
PANG!
The air elemental fires a burst of electricity at you.
The stunning burst hits you. You resist.
Your stasis prevents you from being paralysed.
* * * LOW HITPOINT WARNING * * *
The air elemental hits you but does no damage.
You block the air elemental's attack.
GONNNNG!
You block the air elemental's attack.
GONNNNG!
Unknown command.
You bludgeon the air elemental!! You burn the air elemental!
The air elemental is filled with an inner flame.
The air elemental's inner flame fades away.
You block the air elemental's attack.
SHROANNG!
The air elemental fires a burst of electricity at you.
The stunning burst hits you but does no damage.
The air elemental fires a burst of electricity at you.
The stunning burst hits you but does no damage.
The air elemental fires a burst of electricity at you.
The stunning burst hits the air elemental.
The air elemental completely resists.
The stunning burst hits you but does no damage.
Your stasis prevents you from being paralysed.
The air elemental fires a burst of electricity at you.
The stunning burst hits you but does no damage.
Your stasis prevents you from being paralysed.
The air elemental hits you!
* * * LOW HITPOINT WARNING * * *
You block the air elemental's attack.
GONNNNG!
The air elemental fires a burst of electricity at you.
The stunning burst hits the air elemental.
The air elemental completely resists.
The stunning burst hits you. You resist.
Your stasis prevents you from being paralysed.
* * * LOW HITPOINT WARNING * * *
The air elemental barely misses you. You block the air elemental's attack.
PTOANNNG!
The air elemental fires a burst of electricity at you.
The stunning burst hits you! You resist.
You die...

Skill      XL: |  1  2  3  4  5  6  7 |
---------------+----------------------+-----
Armour         | 8 |  8.8
Fighting       | 4 7 9 |  9.0
Invocations    | 2 7 |  7.0
Maces & Flails | 6 7 |  7.7
Shields        | 9 10 | 10.5

Action                     |  1- 3 |  4- 6 |  7- 9 || total
---------------------------+-------+-------+-------++-------
  Melee: Great mace        |     9 |       |    12 ||    21
    Use: Potion            |     2 |       |       ||     2
 Armour: Plate armour      |     3 |       |    25 ||    28
  Dodge: Dodged            |     2 |       |     2 ||     4
  Block: Kite shield       |    19 |       |    36 ||    55

Levels and vault maps discovered:
D:        sprint_v [room_start, room_1, room_2, room_3, room_4, room_5, room_6,
          room_7, room_8, room_9, room_10, room_11, room_12, room_13, room_14,
          room_15, room_16, room_17, room_18, room_19, room_20, room_21,
          room_22, room_23, room_24, room_25, room_26, room_27]

Notes
Turn   | Place    | Note
-------+----------+-------------------------------------------
     0 | D        | ytrimaz the Formicid Fighter began the quest for the Orb.
     0 | D        | Reached XP level 1. HP: 18/18 MP: 1/1
     0 | D        | magus.rc [v1.9.6]
     0 | D        | Found a blossoming altar of Fedhas.
     0 | D        | Found the +6 Majin-Bo {spellvamp, MP+6 Int+6}
     0 | D        | Found the +27 heavy crossbow "Sniper" {heavy, Acc+∞ SInv}
     0 | D        | Found the +10 dark maul {heavy}
     0 | D        | Found the +15 Maxwell's patent armour {-Cast -Tele rElec
                  | Will+ rCorr}
     0 | D        | Found the +18 shield of the Gong {Loud rN+ Will+ rCorr
                  | EV-5}
     0 | D        | Found the +16 obsidian axe {drain, demonic, Mesm Drain Fly
                  | SInv}
     0 | D        | Found the +7 great mace "Firestarter" {flame, inner flame,
                  | rFlCloud rF++}
     0 | D        | Found the +6 shillelagh "Devastator" {shatter}
     0 | D        | Found the +11 plutonium sword {Contam Stlth-}
     0 | D        | Found the +8 lance "Wyrmbane" {slay drac, rPois rF+ rC+
                  | AC+3}
     0 | D        | Found the +9 sword of Zonguldrok {reap}
     0 | D        | Found the +13 scythe of Curses {drain, curses, Drain}
     0 | D        | Found the +9 sword of Power {lifebolt}
     0 | D        | Found the +7 mace of Variability {chaos, chain chaos}
     0 | D        | Found the +11 Singing Sword {sonic wave}
     0 | D        | Found the +8 storm bow {elec, penet}
     1 | D        | Found a transporter.
     1 | D        | Found a viscous altar of Jiyva.
     1 | D        | Found an ancient bone altar of Kikubaaqudgha.
     1 | D        | Found a hazy altar of Hepliaklqana.
     1 | D        | Found a corrupted altar of Lugonu.
     1 | D        | Found an opulent altar of Gozag.
     1 | D        | Found a burning altar of Makhleb.
     9 | D        | Found a stormy altar of Qazlal.
     9 | D        | Found an iron altar of Okawaru.
     9 | D        | Found a sacrificial altar of Ru.
     9 | D        | Found a sparkling altar of Nemelex Xobeh.
     9 | D        | Found a shimmering blue altar of Sif Muna.
     9 | D        | Found a bloodstained altar of Trog.
    41 | D        | Reached skill level 8 in Armour
    41 | D        | Reached XP level 2. HP: 24/24 MP: 2/2
   108 | D        | Became a worshipper of Warmaster Okawaru
   119 | D        | Entered arena 2.
   119 | D        | Found a transporter.
   126 | D        | Reached skill level 4 in Fighting
   126 | D        | Reached skill level 2 in Invocations
   126 | D        | Reached XP level 3. HP: 25/30 MP: 2/4
   134 | D        | You add the spells Wereblood, Passwall, Dazzling Flash and
                  | Arcjolt to your library.
   134 | D        | Got the Cyclopedia of Damaging Transformation
   143 | D        | Entered arena 3.
   143 | D        | Noticed a hog
   143 | D        | Noticed a hornet
   143 | D        | Noticed a hornet
   143 | D        | Found a transporter.
   144 | D        | a hog changed into a human
   144 | D        | Noticed a human (shapeshifter)
   148 | D        | Killed a human
   148 | D        | Reached * piety under Okawaru
   148 | D        | Killed a hornet
   148 | D        | Reached ** piety under Okawaru
   149 | D        | Reached skill level 7 in Fighting
   149 | D        | Reached skill level 6 in Maces & Flails
   149 | D        | Reached skill level 9 in Shields
   149 | D        | Reached skill level 7 in Invocations
   149 | D        | Reached XP level 4. HP: 27/44 MP: 3/9
   149 | D        | Reached XP level 5. HP: 31/49 MP: 3/10
   149 | D        | Reached XP level 6. HP: 35/56 MP: 3/11
   149 | D        | Reached XP level 7. HP: 38/61 MP: 3/12
   149 | D        | Killed a hornet
   150 | D        | Reached skill level 8 in Fighting
   150 | D        | Reached skill level 7 in Maces & Flails
   150 | D        | Reached skill level 10 in Shields
   226 | D        | Entered arena 4.
   226 | D        | Found a transporter.
   236 | D        | Reached skill level 9 in Fighting
   239 | D        | Entered arena 5.
   239 | D        | Noticed an air elemental
   239 | D        | Noticed an air elemental
   239 | D        | Noticed an air elemental
   239 | D        | Noticed an air elemental
   239 | D        | Found a transporter.
   244 | D        | HP: 15/64 [air elemental/stunning burst (4)]
   245 | D        | HP: 6/64 [air elemental/stunning burst (2)]
   245 | D        | Killed from afar by an air elemental

Vanquished Creatures
  2 hornets (shapeshifter) (D)
  A human (shapeshifter) (D)
  An iron imp (D)
  An orc wizard (D)
  3 orcs (D)
  A bat zombie (D)
9 creatures vanquished.

Table legend:
 A = Non-vault XP
 B = Vault XP
 C = Vault XP percentage of total XP
 D = Non-vault monster count
 E = Vault monster count
 F = Vault count percentage of total count
                 A         B        C        D         E       F
            +---------+---------+-------+---------+---------+-------
      Total |       0 |     887 | 100.0 |       0 |       9 | 100.0
            +---------+---------+-------+---------+---------+-------
          D |       0 |     887 | 100.0 |       0 |       9 | 100.0
            +---------+---------+-------+---------+---------+-------

Illustrated notes

Table legend:
 A = Kills in this place as a percentage of kills in the entire game.
 B = Kills by you in this place as a percentage of kills by you in the entire game.
 C = Kills by friends in this place as a percentage of kills by friends in the entire game.
 D = Other kills in this place as a percentage of other kills in the entire game.
 E = Experience gained in this place as a percentage of experience gained in the entire game.
 F = Experience gained in this place divided by the number of levels of this place that you have seen.
                   A       B       C       D       E      F
               +-------+-------+-------+-------+-------+----------------------
         Total | 100.0 | 100.0 |   N/A |   N/A | 100.0 | 887.0
       Dungeon | 100.0 | 100.0 |   N/A |   N/A | 100.0 | 887.0
               +-------+-------+-------+-------+-------+----------------------

Table legend: (Time is in decaauts)
 A = Elapsed time spent in this place.
 B = Non-inter-level travel time spent in this place.
 C = Inter-level travel time spent in this place.
 D = Time resting spent in this place.
 E = Time spent auto-exploring this place.
 F = Levels seen in this place.
 G = Mean time per level.
                   A        B        C        D        E       F      G
               +--------+--------+--------+--------+--------+-----+--------+
         Total |    254 |    254 |      0 |     67 |      0 |   1 |  254.0 |
       Dungeon |    254 |    254 |      0 |     67 |      0 |   1 |  254.0 |
               +--------+--------+--------+--------+--------+-----+--------+

Top non-repeatable levels by time:
       D: 254 daAuts
